cohdb
Replays
Latest Replays
All Replays
Popular Replays
Top Player Replays
Match Explorer
How It Works
Community
CoH3 Stats
Reddit
Sign in to upload your games and track your stats! →
Sign in with Steam
Match 47272124
Unlisted
Match 47272124
Overview
Messages
Build Orders
End
Construct Infanterie Kompanie
Kettenkrad Recon Vehicle
Selects Terror Battlegroup
Selects Machine Gun Camouflage
MG 42 Machine Gun Team
Grenadier Squad
Grenadier Squad
Construct Luftwaffe Kompanie
Jäger Squad
Support Elements
Jäger Squad
Wirbelwind Flakpanzer
Luftwaffe Officer Quarters
Flak 30 Anti-aircraft Gun Team
Side Skirts
Selects Defend the Fatherland
Jäger Squad
Wirbelwind Flakpanzer
Pioneer Squad
Construct Panzergrenadier Kompanie
Pak 40 Anti-tank Gun Team
Nebelwerfer 42 Rocket Launcher Team
Panzergrenadier Officer Quarters
Selects King Tiger Heavy Tank
King Tiger Heavy Tank
StuG III G Assault Gun
Repair Bunker
月光下的孤影
Buh-buh-buh-buhhhhh
SuckMeinKomf
Skull Throne
Thank You Chef
Kray-Tos
0
0
Comments
sign in to comment!
No comments posted yet!